 Dungeon Crawl Stone Soup version 0.32-a0-43-g058985b245 (webtiles) character file.

Game seed: 3862145210840000548

318 timneilson the Ruffian (level 6, 0/41 HPs)
             Began as an Octopode Shapeshifter on Feb 4, 2024.
             Slain by an orc wizard
             ... wielding a +0 dagger
              (2 damage)
             ... on level 4 of the Dungeon.
             The game lasted 00:04:09 (2345 turns).

timneilson the Ruffian (Octopode Shapeshifter)      Turns: 2345, Time: 00:04:10

Health: 0/41       AC:  1    Str: 15    XL:     6   Next: 45%
Magic:  6/6        EV: 13    Int: 13    God:
Gold:   360        SH:  0    Dex: 11    Spells: 5/5 levels left

rFire   . .          .
                       - Unarmed
rCold   . . .        (no shield)
rNeg    . . .        (helmet currently unavailable)
rPois   +            e - amulet of regeneration
rElec   .            d - ring of poison resistance
rCorr   .            (no ring)
SInv    .            (no ring)
Will    .....        (no ring)
Stlth   +++          (no ring)
HPRegen 1.06/turn    (no ring)
MPRegen 0.10/turn    (no ring)
                     (no ring)

%: no passive effects
@: beast-form
A: beast (slay +2), almost no armour, amphibious, 8 rings, camouflage 1,
gelatinous body 1, (nimble swimmer 1), tentacles
a: Begin Untransformation


You were on level 4 of the Dungeon.
You were a hulking beast.
You visited 1 branch of the dungeon, and saw 4 of its levels.

You collected 360 gold pieces.

Inventory:

Missiles
 k - 2 throwing nets (quivered)
Jewellery
 d - a ring of poison resistance (left tentacle)
 e - an amulet of regeneration (around mantle)
Talismans
 b - a beast talisman
 c - a flux talisman
Scrolls
 i - a scroll of teleportation
Potions
 a - a potion of lignification
 f - 2 potions of magic
 g - a potion of curing
 h - 2 potions of berserk rage {unknown}
 j - a potion of might {unknown}


   Skills:
 * Level 2.9 Fighting
 * Level 3.5 Dodging
 + Level 2.7 Stealth
 * Level 4.2 Unarmed Combat
 * Level 4.0 Shapeshifting


You had 5 spell levels left.
You didn't know any spells.
Your spell library contained the following spells:

 Spells                   Type           Power      Damage    Failure   Level
 Magic Dart               Conj           0%         1d3       30%         1
 Searing Ray              Conj           0%         2d4       43%         2
 Fulminant Prism          Conj/Alch      0%         3d5       97%         4


Dungeon Overview and Level Annotations

Branches:
Dungeon (4/15)
 Temple: D:4-7

Altars:
Dithmenos
Elyvilon
Fedhas
Kikubaaqudgha
Makhleb
Uskayaw
Vehumet
Wu Jian
Xom

Shops:
D:4 *


Innate Abilities, Weirdness & Mutations

You are a hulking beast.
Your limbs bulge with bestial killing power. (Slay +2)
You cannot wear most types of armour.
You are amphibious.
You can wear up to eight rings at the same time.
Your skin changes colour to match your surroundings (Stealth+).
Your rubbery body absorbs attacks. (AC +1, EV +1)
((You are camouflaged when in or above water. (Stealth+)))
You have tentacles for arms and can constrict up to eight enemies at once.


Message History

The orc barely misses you.
You bump into the rock wall.
Something hits you. The orc completely misses you. Something hits you.
The orc closely misses you.
Things that are here:
a +0 dagger; a +0 robe; an orc corpse You completely miss something.
The orc hits you with a +0 club. Something hits you.
You miss the orc. Your squeeze misses the orc. The orc hits you with a +0 club.
Something hits you. The orc barely misses you.
You tentacle-slap the orc.
The orc is heavily wounded.
You feel less confused. Something hits you.
* * * LOW HITPOINT WARNING * * *
The orc misses you.
You barely miss the orc. You grab the orc.
You squeeze the orc, but do no damage.
The orc is heavily wounded.
You constrict the orc, but do no damage.
Something hits you.
* * * LOW HITPOINT WARNING * * *
The orc barely misses you.
You tentacle-slap the orc.
The orc is heavily wounded.
You constrict the orc.
You hear some strange, mumbled words.
Something tries to affect you, but you resist.
The orc hits you with a +0 club.
* * * LOW HITPOINT WARNING * * *
You tentacle-slap the orc.
You kill the orc!
Something hits you.
* * * LOW HITPOINT WARNING * * *
Something hits you.
* * * LOW HITPOINT WARNING * * *
Things that are here:
a +0 club; a +0 chain mail Something hits you.
You die...

..........................######.
.# #.<..................... #.
.## ##...>.....####....###### ##
..####..#.....#.##......#
....##..#............####
##......#..........##### .
(.......#.##............ ..
###......".......##.... #.
####.#.........)h#..## #.
.....∩.........))..## .###
####.##.###.#....###### #..#
#.......#^#.........#####..####
#..##...#8#.....###...##......#
...##.###^#.........##......##.
.##.##.# #.........##).....##. ..
..##.# #..#....#...##......# # .#
.# .......#.#### #.##.###


There were no monsters in sight!

Vanquished Creatures
  2 jellies (D:3)
  A hound (D:4)
  A sleepcap (D:4)
  An orc wizard (D:4)
  3 gnolls (D:4)
  6 adders
  3 dart slugs
  A ribbon worm (D:4)
  3 orcs
  5 bats
  12 endoplasms
  3 giant cockroaches
  7 goblins
  5 hobgoblins
  8 jackals
  14 kobolds
  2 quokkas
  3 ball pythons
  3 frilled lizards
  2 rats
85 creatures vanquished.

Notes
Turn   | Place    | Note
-------+----------+-------------------------------------------
     0 | D:1      | timneilson the Octopode Shapeshifter began the quest for
                  | the Orb.
     0 | D:1      | Reached XP level 1. HP: 13/13 MP: 1/1
   238 | D:1      | Reached XP level 2. HP: 18/18 MP: 2/2
  1049 | D:2      | Reached skill level 1 in Stealth
  1049 | D:2      | Reached XP level 3. HP: 23/23 MP: 3/3
  1378 | D:3      | Found an ancient bone altar of Kikubaaqudgha.
  1449 | D:3      | Reached XP level 4. HP: 29/29 MP: 4/4
  1586 | D:3      | Found a blossoming altar of Fedhas.
  1586 | D:3      | Found a radiant altar of Vehumet.
  1586 | D:3      | Found a hide-covered altar of Uskayaw.
  1586 | D:3      | Found an ornate altar of the Wu Jian Council.
  1586 | D:3      | Found a white marble altar of Elyvilon.
  1586 | D:3      | Found a shimmering altar of Xom.
  1711 | D:3      | Found a shimmering altar of Xom.
  1749 | D:3      | Found a white marble altar of Elyvilon.
  1755 | D:3      | Found a burning altar of Makhleb.
  1759 | D:3      | Found a blossoming altar of Fedhas.
  1889 | D:3      | Found a shadowy altar of Dithmenos.
  2035 | D:3      | Reached XP level 5. HP: 20/35 MP: 5/5
  2150 | D:4      | Found Kijipt's Lightly-Used Armoury.
  2235 | D:4      | Reached XP level 6. HP: 33/41 MP: 6/6
  2344 | D:4      | HP: 1/41 [something (5)]
  2345 | D:4      | Slain by an orc wizard

Illustrated notes

Levels and vault maps discovered:
D:1:      matt_arrival_spirals, layout_basic, chequers_serial_rivers_marsh,
          minmay_distorted
D:2:      layout_basic
D:3:      cheibrodos_fertilizer, layout_basic, lemuel_coloured_pillars_altar,
          minmay_overflow_temple_star_quad, amcnicky_altar_gilded,
          xom_teletrap_fun
D:4:      layout_rooms, kennysheep_mini_moat, ebering_dispersal_statue_hall,
          minmay_misc_feat_chi, minmay_shop_damaged,
          nicolae_houndstooth_variations

Skill      XL: |  1  2  3  4  5  6 |
---------------+-------------------+-----
Stealth        | 1 2 |  2.7
Fighting       | 2 |  2.9
Dodging        | 3 |  3.5
Unarmed Combat | 4 |  4.2
Shapeshifting  | 4 |  4.0

Action                     |  1- 3 |  4- 6 || total
---------------------------+-------+-------++-------
  Melee: Unarmed           |    67 |   110 ||   177
         Constrict         |    12 |    30 ||    42
         Tentacles         |     7 |    26 ||    33
         Punch             |     3 |     3 ||     6
    Use: Scroll            |     5 |       ||     5
   Stab: Sleeping          |     4 |     5 ||     9
 Armour: Skin              |    28 |    63 ||    91
  Dodge: Dodged            |    52 |    55 ||   107

Table legend: (Time is in decaauts)
 A = Elapsed time spent in this place.
 B = Non-inter-level travel time spent in this place.
 C = Inter-level travel time spent in this place.
 D = Time resting spent in this place.
 E = Time spent auto-exploring this place.
 F = Levels seen in this place.
 G = Mean time per level.
                   A        B        C        D        E       F      G
               +--------+--------+--------+--------+--------+-----+--------+
         Total |   2332 |   2145 |    187 |     11 |   1567 |   4 |  583.0 |
       Dungeon |   2332 |   2145 |    187 |     11 |   1567 |   4 |  583.0 |
               +--------+--------+--------+--------+--------+-----+--------+

Top non-repeatable levels by time:
     D:1: 858 daAuts
     D:3: 749 daAuts
     D:2: 515 daAuts
     D:4: 208 daAuts
